Map: King's Cove LE

Players

Alouette

  • Race: Zerg Zerg
  • League: Gold
  • Spawn Location: 5:00

SandboX - Winner!

  • Race: Zerg Zerg
  • League: Gold
  • Spawn Location: 11:00

VOD

Have the link to the VOD?

Description

Time

  • Played on: Aug. 11, 2019, 11:11 p.m.
  • Length: 4:27
Show
View Real Time Build Order
Export as new Build Order

Alouette Zerg 

Build Orders: Hatch First 

Get SALT Encoding   

  12  0:10  Overlord  
  12  0:13  Drone  
  13  0:29  Drone x2  
  15  0:41  Drone  
  16  0:54  Hatchery  
  15  0:57  Drone  
  15  1:00  Drone  
  17  1:14  Spawning Pool  
  16  1:18  Drone  
  16  1:21  Drone  
  18  1:26  Drone  
  18  1:32  Extractor  
  18  1:37  Drone  
  19  1:50  Drone  
  20  1:58  Drone  
  21  2:05  Queen  
  21  2:08  Queen  
  23  2:11  Drone  
  23  2:12  Drone  
  27  2:20  Overlord x2  
  27  2:28  Drone  
  28  2:42  Drone  
  28  2:43  Drone x2  
  28  2:44  Queen  
  33  2:58  Evolution Chamber  
  33  3:00  Evolution Chamber  
  33  3:04  Roach Warren  
  30  3:06  Drone  
  30  3:07  Drone x3  
  34  3:15  Drone x2  
  36  3:21  Drone x3  
  39  3:36  Drone  
  39  3:37  Drone x3  
  39  3:38  Queen  
  43  3:47  Drone  
  44  3:58  Extractor x2  
  42  4:04  Drone, Extractor  
  42  4:05  Drone x2  
  42  4:09  Overlord x2  
Show
View Real Time Build Order
Export as new Build Order

SandboX Zerg - Winner!

Build Orders: Hatch First 

Get SALT Encoding   

  12  0:01  Drone  
  13  0:17  Drone  
  14  0:30  Overlord  
  14  0:51  Drone  
  14  0:52  Drone x2  
  17  1:06  Hatchery  
  16  1:11  Drone  
  16  1:14  Drone  
  16  1:17  Extractor  
  17  1:29  Spawning Pool  
  17  1:30  Drone  
  17  1:34  Drone  
  18  1:45  Drone  
  19  2:00  Overlord  
  19  2:17  Zergling x2  
  19  2:18  Zergling x4  
  19  2:20  Queen  
  24  2:23  Queen  
  26  2:30  Metabolic Boost  
  26  2:35  Drone  
  27  2:38  Drone  
  28  2:46  Drone x2  
  30  2:53  Drone  
  30  2:54  Drone  
  32  3:13  Hatchery  
  31  3:22  Zergling x8  
  33  3:34  Zergling x4  
  33  3:36  Overlord  
  35  3:46  Zergling x2  
  36  3:54  Baneling Nest  
  36  3:55  Zergling x10  
  40  3:58  Overlord  
Tags
 
Add a new tag
Caveats
  • Supply blocks, unpowered buildings, or Contaminate may cause inaccurate times.
  • Supply counts are checked every 10 seconds.